 Dungeon Crawl Stone Soup version 0.29.1-13-g9f3cf754e1 (webtiles) character file.

Game seed: 7540843150876895252

59 shadowmeld the Insei (level 4, 0/49 HPs)
             Began as a Djinni Transmuter on Feb 1, 2023.
             Slain by Crazy Yiuf
             ... wielding a +4 quarterstaff of chaos
              (12 damage)
             ... on level 2 of the Dungeon.
             The game lasted 00:06:29 (2472 turns).

shadowmeld the Insei (Djinni Transmuter)            Turns: 2472, Time: 00:06:30

Health: 0/49       AC: 22    Str:  9    XL:     4   Next: 22%
Gold:   115        EV:  2    Int: 17    God:
                   SH:  0    Dex: 13

rFire   . . .      SeeInvis .     - Unarmed
rCold   . . .      Faith    .   (no shield)
rNeg    . . .      Spirit   .   (body armour currently unavailable)
rPois   ∞          Reflect  .   (helmet currently unavailable)
rElec   .          Harm     .   (cloak currently unavailable)
rCorr   .          Rampage  .   (gloves currently unavailable)
Will    .....      NoTele   +   (boots unavailable)
Stlth   +.........              (no amulet)
HPRegen 0.16/turn               (no ring)
MPRegen 0.00/turn               (no ring)

@: tree-form, very slightly contaminated
A: stationary, stasis, torment immunity, boosted hp, sickness immunity, (fire
resistance 2), (cold vulnerability 1), float, innate caster, HP casting, extra
vitality 1
a: no special abilities


You were on level 2 of the Dungeon.
You were a tree.
You visited 1 branch of the dungeon, and saw 2 of its levels.

You collected 115 gold pieces.

Inventory:

Armour
 a - a +0 robe (melded)
 c - a +0 buckler
Scrolls
 e - a scroll of immolation {unknown}
 f - 3 scrolls of identify {unknown}
 g - 2 scrolls of fog {unknown}
 h - a scroll of silence {unknown}
 i - 2 scrolls of teleportation {unknown}
 m - a scroll of acquirement {unknown}
 o - a scroll of blinking {unknown}
Potions
 d - a potion of heal wounds {unknown}
 j - a potion of attraction {unknown}
 k - a potion of flight {unknown}
 l - 3 potions of curing {unknown}
 n - a potion of might {unknown}


   Skills:
 * Level 1.6 Fighting
 * Level 2.8 Dodging
 + Level 3.5 Unarmed Combat
 * Level 2.2 Spellcasting


You couldn't memorise any spells.
You knew the following spells:

 Your Spells              Type           Power      Damage    Failure   Level
a - Beastly Appendage     Tmut           18%        N/A       8%          1
b - Wereblood             Tmut           9%         N/A       11%         2
c - Spider Form           Tmut/Pois      9%         N/A       22%         3
d - Ice Form              Ice/Tmut       9%         N/A       58%         4
e - Magic Dart            Conj           36%        1d4       8%          1
Your spell library was empty.

Dungeon Overview and Level Annotations

Branches:
Dungeon (2/15)

Altars:
Nemelex Xobeh

Annotations:
D:2 Crazy Yiuf


Innate Abilities, Weirdness & Mutations

You are a tree.
Your roots penetrate the ground, keeping you stationary.
You cannot be teleported.
You are immune to unholy pain and torment.
Your maximum health is greatly increased.
Your equipment is partially melded.
You are immune to sickness and miasma.
You are immune to poison.
((Your flesh is very heat resistant. (rF++)))
((You are vulnerable to cold. (rC-)))
You float through the air rather than walking.
You learn spells naturally, not from books.
Your magical power is your life essence.
You have superior vitality. (+4 MHP)


Message History

The magic dart hits Crazy Yiuf.
Crazy Yiuf is lightly wounded.
Crazy Yiuf says, "Hah Orb Guardian testudinal!"
Casting: Magic Dart (safe; 8% risk of failure)
Confirm with . or Enter, or press ? or * to list all spells.
Aiming: Magic Dart (safe; 8% risk of failure)
Press: ? - help, Shift-Dir - straight line, f/p - Crazy Yiuf
Aim: Crazy Yiuf, wielding a +4 quarterstaff of chaos, wearing a +0 cloak and carrying a wand of flame (30) (lightly wounded, 100% to hit)
You miscast Magic Dart.
You are very lightly contaminated with residual magic.
Nothing appears to happen.
Crazy Yiuf zaps a wand.
The puff of flame misses you.
Casting: Magic Dart (safe; 8% risk of failure)
Confirm with . or Enter, or press ? or * to list all spells.
Aiming: Magic Dart (safe; 8% risk of failure)
Press: ? - help, Shift-Dir - straight line, f/p - Crazy Yiuf
Aim: Crazy Yiuf, wielding a +4 quarterstaff of chaos, wearing a +0 cloak and carrying a wand of flame (29) (lightly wounded, 100% to hit)
The magic dart hits Crazy Yiuf but does no damage.
Crazy Yiuf is lightly wounded.
Casting: Magic Dart (safe; 8% risk of failure)
Confirm with . or Enter, or press ? or * to list all spells.
You grow a pair of large bovine horns.
You barely miss Crazy Yiuf. Your headbutt misses Crazy Yiuf.
You punch Crazy Yiuf.
Crazy Yiuf is lightly wounded.
Crazy Yiuf hits you with a +4 quarterstaff of chaos!
Crazy Yiuf freezes you.
Really quaff the potion of lignification?
Your horns disappear.
You turn into a tree.
Your +0 robe melds into your body.
Your roots penetrate the ground.
Crazy Yiuf hits you but does no damage.
You hit Crazy Yiuf. You punch Crazy Yiuf.
Crazy Yiuf is moderately wounded.
Crazy Yiuf zaps a wand.
The puff of flame hits you.
* * * LOW HITPOINT WARNING * * *
You hit Crazy Yiuf but do no damage.
Crazy Yiuf is moderately wounded.
Crazy Yiuf laughs, "Tonal childish sow!"
Crazy Yiuf hits you but does no damage.
You are electrocuted!
You die...

........##.###....####...........
####.##.##.# #....# #.#########.
# #.##....# #....# #.# #. #
#.......# #...## ### #####. #
#.#####.# ##.## ##..... #
#...)...# #.## ######...### #
######..# ##.# #...[....# # #
#..# #.## ######...### # ##.#
##♣# ##..... # #.# #g# #.##.# #
#.# ... ###.##.# # #.# #...#
#.[.##.# # #.# #..)# #.####.# #
#.# ##### #.####.# # #.#
#####...##># # #)## #.......##.#
# #..# #####...##.#


You could see Crazy Yiuf.

Vanquished Creatures
  2 adders (D:2)
  5 bats
  4 endoplasms
  2 giant cockroaches (D:1)
  3 goblins (D:1)
  4 hobgoblins
  3 jackals (D:1)
  4 kobolds
  A quokka (D:1)
  5 ball pythons
  2 rats
35 creatures vanquished.

Notes
Turn   | Place    | Note
-------+----------+-------------------------------------------
     0 | D:1      | shadowmeld the Djinni Transmuter began the quest for the
                  | Orb.
     0 | D:1      | shadowmeld set off with the following spells memorised:
                  | Beastly Appendage, Wereblood, Spider Form, Ice Form.
     0 | D:1      | Reached XP level 1. HP: 17/17 MP: 0/0
   371 | D:1      | Reached XP level 2. HP: 20/22 MP: 0/0
   785 | D:1      | Reached XP level 3. HP: 26/27 MP: 0/0
   785 | D:1      | Learned a level 1 spell: Magic Dart
  2084 | D:2      | Found a runed translucent door.
  2085 | D:2      | Noticed Crazy Yiuf
  2127 | D:2      | Found a sparkling altar of Nemelex Xobeh.
  2141 | D:2      | Reached XP level 4. HP: 25/33 MP: 0/0
  2472 | D:2      | Slain by Crazy Yiuf

Illustrated notes

Levels and vault maps discovered:
D:1:      minmay_arrival_hallway, layout_rooms, serial_forest,
          infiniplex_forest_lined_3_way, infiniplex_forest_clump_long,
          infiniplex_forest_lined_4_way, infiniplex_forest_straight_2,
          infiniplex_forest_straight_2, infiniplex_forest_lined_3_way,
          infiniplex_forest_pool, infiniplex_forest_lined_2,
          infiniplex_forest_lined_room_2
D:2:      layout_loops_ring, basic_altar, uniq_crazy_yiuf_cottage

Skill      XL: |  1  2  3 |
---------------+----------+-----
Spellcasting   | 2 |  2.2
Fighting       | |  1.6
Dodging        | |  2.8
Unarmed Combat | |  3.5

Action                   |  1- 3 |  4- 6 || total
-------------------------+-------+-------++-------
Melee: Unarmed           |    63 |     6 ||    69
       Headbutt          |     9 |       ||     9
       Punch             |     2 |     2 ||     4
 Cast: Beastly Appendage |    13 |     2 ||    15
       Magic Dart        |    39 |     6 ||    45
  Use: Potion            |       |     1 ||     1
Armor: Robe              |    11 |       ||    11
       Skin              |       |     2 ||     2
Dodge: Dodged            |    44 |     1 ||    45
